Workbook

Sheet BDI NÃO DES.
A1: PREFEITURA MUNICIPAL DE JAQUEIRA
A4: OBRA : REFORMA DA QUADRA DO DISTRITO DE FREI CANECA | R4: Jaqueira , Abril/2026
A5: LOCAL : DISTRITO DE FREI CANECA – JAQUEIRA – PERNAMBUCO
A10: CALCULO DA COMPOSIÇÃO DO BDI - NÃO DESONERADO
A11: COMPONENTES | B11: VALORES | C11: Análise | F11: INTERVALOS
C12: EDIFÍCIOS | F12: EDIFÍCIOS | I12: RODOVIAS | L12: ÁGUA E ESGOTO | O12: ENERGIA ELÉTRICA | R12: PORTUÁRIAS | U12: EQUIPAMENTOS | IU12: EDIFÍCIOS
A13: ADMINISTRAÇÃO CENTRAL | B13: 0.04 | C13: =IF($C$12=$F$12,F13,IF($C$12=$I$12,I13,IF($C$12=$L$12,L13,IF($C$12=$O$12,O13,IF($C$12=$R$12,R13,IF($C$12=$U$12,U13,FALSE)))))) -> 0.03 | D13: A | E13: =IF($C$12=$F$12,H13,IF($C$12=$I$12,K13,IF($C$12=$L$12,N13,IF($C$12=$O$12,Q13,IF($C$12=$R$12,T13,IF($C$12=$U$12,W13,FALSE)))))) -> 0.055 | F13: 0.03 | G13: A | H13: 0.055 | I13: 0.038 | J13: A | K13: 0.0467 | L13: 0.0343 | M13: A | N13: 0.0671 | O13: 0.0529 | P13: A | Q13: 0.0793 | R13: 0.04 | S13: A | T13: 0.0785 | U13: 0.015 | V13: A | W13: 0.0449 | IU13: RODOVIAS
A14: SEGURO E GARANTIA | B14: 0.008 | C14: =IF($C$12=$F$12,F14,IF($C$12=$I$12,I14,IF($C$12=$L$12,L14,IF($C$12=$O$12,O14,IF($C$12=$R$12,R14,IF($C$12=$U$12,U14,FALSE)))))) -> 0.008 | D14: A | E14: =IF($C$12=$F$12,H14,IF($C$12=$I$12,K14,IF($C$12=$L$12,N14,IF($C$12=$O$12,Q14,IF($C$12=$R$12,T14,IF($C$12=$U$12,W14,FALSE)))))) -> 0.01 | F14: 0.008 | G14: A | H14: 0.01 | I14: 0.0032 | J14: A | K14: 0.0074 | L14: 0.0028 | M14: A | N14: 0.0075 | O14: 0.0025 | P14: A | Q14: 0.0056 | R14: 0.0081 | S14: A | T14: 0.0199 | U14: 0.003 | V14: A | W14: 0.0082 | IU14: ÁGUA E ESGOTO
A15: RISCO | B15: 0.0127 | C15: =IF($C$12=$F$12,F15,IF($C$12=$I$12,I15,IF($C$12=$L$12,L15,IF($C$12=$O$12,O15,IF($C$12=$R$12,R15,IF($C$12=$U$12,U15,FALSE)))))) -> 0.0097 | D15: A | E15: =IF($C$12=$F$12,H15,IF($C$12=$I$12,K15,IF($C$12=$L$12,N15,IF($C$12=$O$12,Q15,IF($C$12=$R$12,T15,IF($C$12=$U$12,W15,FALSE)))))) -> 0.0127 | F15: 0.0097 | G15: A | H15: 0.0127 | I15: 0.005 | J15: A | K15: 0.0097 | L15: 0.01 | M15: A | N15: 0.0174 | O15: 0.01 | P15: A | Q15: 0.0197 | R15: 0.0146 | S15: A | T15: 0.0316 | U15: 0.0056 | V15: A | W15: 0.0089 | IU15: ENERGIA ELÉTRICA
A16: DESPESAS FINANCEIRAS | B16: 0.0123 | C16: =IF($C$12=$F$12,F16,IF($C$12=$I$12,I16,IF($C$12=$L$12,L16,IF($C$12=$O$12,O16,IF($C$12=$R$12,R16,IF($C$12=$U$12,U16,FALSE)))))) -> 0.0059 | D16: A | E16: =IF($C$12=$F$12,H16,IF($C$12=$I$12,K16,IF($C$12=$L$12,N16,IF($C$12=$O$12,Q16,IF($C$12=$R$12,T16,IF($C$12=$U$12,W16,FALSE)))))) -> 0.0139 | F16: 0.0059 | G16: A | H16: 0.0139 | I16: 0.0102 | J16: A | K16: 0.0121 | L16: 0.0094 | M16: A | N16: 0.0117 | O16: 0.0101 | P16: A | Q16: 0.0111 | R16: 0.0094 | S16: A | T16: 0.0133 | U16: 0.0085 | V16: A | W16: 0.0111 | IU16: PORTUÁRIAS
A17: LUCRO/REMUNERAÇÃO | B17: 0.07 | C17: =IF($C$12=$F$12,F17,IF($C$12=$I$12,I17,IF($C$12=$L$12,L17,IF($C$12=$O$12,O17,IF($C$12=$R$12,R17,IF($C$12=$U$12,U17,FALSE)))))) -> 0.0616 | D17: A | E17: =IF($C$12=$F$12,H17,IF($C$12=$I$12,K17,IF($C$12=$L$12,N17,IF($C$12=$O$12,Q17,IF($C$12=$R$12,T17,IF($C$12=$U$12,W17,FALSE)))))) -> 0.0896 | F17: 0.0616 | G17: A | H17: 0.0896 | I17: 0.0664 | J17: A | K17: 0.0869 | L17: 0.0674 | M17: A | N17: 0.094 | O17: 0.08 | P17: A | Q17: 0.0951 | R17: 0.0714 | S17: A | T17: 0.1043 | U17: 0.035 | V17: A | W17: 0.0622 | IU17: EQUIPAMENTOS
A18: PIS | B18: 0.0065 | C18: 0.0065
A19: COFINS | B19: 0.03 | C19: 0.03
A20: ISS | B20: 0.025 | C20: ATÉ | D20: 0.05
A21: CPRB | C21: 0.036 | F21: INTERVALOS DE BDI SEM DESONERAÇÃO (ZERAR O CPRB) | IU21: 0
A22: BDI | B22: =((1+B13+B14+B15)*(1+B16)*(1+B17)/(1-(B18+B19+B20+B21)))-1 -> 0.22419699 | IU22: 0.02
B24: FÓRMULA
A29: _____________________________________________
A30: ADALBERTO QUEIROZ DA SILVA NETO
A31: ENGENHEIRO CIVIL - CREA 29.759 D/PE
A35: _____________________________________________
A36: RIDETE CELLIBE PELLEGRINO DE MACEDO OLIVEIRA
A37: PREFEITA

Sheet BDI DES
A1: PREFEITURA MUNICIPAL DE JAQUEIRA
A4: OBRA : REFORMA DA QUADRA DO DISTRITO DE FREI CANECA | R4: Jaqueira , Abril/2026
A5: LOCAL : DISTRITO DE FREI CANECA – JAQUEIRA – PERNAMBUCO
A10: CALCULO DA COMPOSIÇÃO DO BDI - DESONERADO
A11: COMPONENTES | B11: VALORES | C11: Análise | F11: INTERVALOS
C12: EDIFÍCIOS | F12: EDIFÍCIOS | I12: RODOVIAS | L12: ÁGUA E ESGOTO | O12: ENERGIA ELÉTRICA | R12: PORTUÁRIAS | U12: EQUIPAMENTOS | IU12: EDIFÍCIOS
A13: ADMINISTRAÇÃO CENTRAL | B13: 0.04 | C13: =IF($C$12=$F$12,F13,IF($C$12=$I$12,I13,IF($C$12=$L$12,L13,IF($C$12=$O$12,O13,IF($C$12=$R$12,R13,IF($C$12=$U$12,U13,FALSE)))))) -> 0.03 | D13: A | E13: =IF($C$12=$F$12,H13,IF($C$12=$I$12,K13,IF($C$12=$L$12,N13,IF($C$12=$O$12,Q13,IF($C$12=$R$12,T13,IF($C$12=$U$12,W13,FALSE)))))) -> 0.055 | F13: 0.03 | G13: A | H13: 0.055 | I13: 0.038 | J13: A | K13: 0.0467 | L13: 0.0343 | M13: A | N13: 0.0671 | O13: 0.0529 | P13: A | Q13: 0.0793 | R13: 0.04 | S13: A | T13: 0.0785 | U13: 0.015 | V13: A | W13: 0.0449 | IU13: RODOVIAS
A14: SEGURO E GARANTIA | B14: 0.008 | C14: =IF($C$12=$F$12,F14,IF($C$12=$I$12,I14,IF($C$12=$L$12,L14,IF($C$12=$O$12,O14,IF($C$12=$R$12,R14,IF($C$12=$U$12,U14,FALSE)))))) -> 0.008 | D14: A | E14: =IF($C$12=$F$12,H14,IF($C$12=$I$12,K14,IF($C$12=$L$12,N14,IF($C$12=$O$12,Q14,IF($C$12=$R$12,T14,IF($C$12=$U$12,W14,FALSE)))))) -> 0.01 | F14: 0.008 | G14: A | H14: 0.01 | I14: 0.0032 | J14: A | K14: 0.0074 | L14: 0.0028 | M14: A | N14: 0.0075 | O14: 0.0025 | P14: A | Q14: 0.0056 | R14: 0.0081 | S14: A | T14: 0.0199 | U14: 0.003 | V14: A | W14: 0.0082 | IU14: ÁGUA E ESGOTO
A15: RISCO | B15: 0.0127 | C15: =IF($C$12=$F$12,F15,IF($C$12=$I$12,I15,IF($C$12=$L$12,L15,IF($C$12=$O$12,O15,IF($C$12=$R$12,R15,IF($C$12=$U$12,U15,FALSE)))))) -> 0.0097 | D15: A | E15: =IF($C$12=$F$12,H15,IF($C$12=$I$12,K15,IF($C$12=$L$12,N15,IF($C$12=$O$12,Q15,IF($C$12=$R$12,T15,IF($C$12=$U$12,W15,FALSE)))))) -> 0.0127 | F15: 0.0097 | G15: A | H15: 0.0127 | I15: 0.005 | J15: A | K15: 0.0097 | L15: 0.01 | M15: A | N15: 0.0174 | O15: 0.01 | P15: A | Q15: 0.0197 | R15: 0.0146 | S15: A | T15: 0.0316 | U15: 0.0056 | V15: A | W15: 0.0089 | IU15: ENERGIA ELÉTRICA
A16: DESPESAS FINANCEIRAS | B16: 0.0123 | C16: =IF($C$12=$F$12,F16,IF($C$12=$I$12,I16,IF($C$12=$L$12,L16,IF($C$12=$O$12,O16,IF($C$12=$R$12,R16,IF($C$12=$U$12,U16,FALSE)))))) -> 0.0059 | D16: A | E16: =IF($C$12=$F$12,H16,IF($C$12=$I$12,K16,IF($C$12=$L$12,N16,IF($C$12=$O$12,Q16,IF($C$12=$R$12,T16,IF($C$12=$U$12,W16,FALSE)))))) -> 0.0139 | F16: 0.0059 | G16: A | H16: 0.0139 | I16: 0.0102 | J16: A | K16: 0.0121 | L16: 0.0094 | M16: A | N16: 0.0117 | O16: 0.0101 | P16: A | Q16: 0.0111 | R16: 0.0094 | S16: A | T16: 0.0133 | U16: 0.0085 | V16: A | W16: 0.0111 | IU16: PORTUÁRIAS
A17: LUCRO/REMUNERAÇÃO | B17: 0.07 | C17: =IF($C$12=$F$12,F17,IF($C$12=$I$12,I17,IF($C$12=$L$12,L17,IF($C$12=$O$12,O17,IF($C$12=$R$12,R17,IF($C$12=$U$12,U17,FALSE)))))) -> 0.0616 | D17: A | E17: =IF($C$12=$F$12,H17,IF($C$12=$I$12,K17,IF($C$12=$L$12,N17,IF($C$12=$O$12,Q17,IF($C$12=$R$12,T17,IF($C$12=$U$12,W17,FALSE)))))) -> 0.0896 | F17: 0.0616 | G17: A | H17: 0.0896 | I17: 0.0664 | J17: A | K17: 0.0869 | L17: 0.0674 | M17: A | N17: 0.094 | O17: 0.08 | P17: A | Q17: 0.0951 | R17: 0.0714 | S17: A | T17: 0.1043 | U17: 0.035 | V17: A | W17: 0.0622 | IU17: EQUIPAMENTOS
A18: PIS | B18: 0.0065 | C18: 0.0065
A19: COFINS | B19: 0.03 | C19: 0.03
A20: ISS | B20: 0.025 | C20: ATÉ | D20: 0.05
A21: CPRB | B21: 0.036 | C21: 0.036 | F21: INTERVALOS DE BDI SEM DESONERAÇÃO (ZERAR O CPRB) | IU21: 0
A22: BDI | B22: =((1+B13+B14+B15)*(1+B16)*(1+B17)/(1-(B18+B19+B20+B21)))-1 -> 0.27302922 | IU22: 0.02
B24: FÓRMULA
A29: _______________________________________
A30: ADALBERTO QUEIROZ DA SILVA NETO
A31: ENGENHEIRO CIVIL - CREA 29.759 D/PE
A35: _____________________________________________
A36: RIDETE CELLIBE PELLEGRINO DE MACEDO OLIVEIRA
A37: PREFEITA

Sheet P COMPARATIVA
A1: PREFEITURA MUNICIPAL DE JAQUEIRA
A5: PLANILHA COMPARATIVA - NÃO DESONERADA X DESONERADA
A7: OBRA : REFORMA DA QUADRA DO DISTRITO DE FREI CANECA
A8: LOCAL : DISTRITO DE FREI CANECA - JAQUEIRA - PERNAMBUCO | K8: Jaqueira, 8 de abril de 2026
A14: ITEM | B14: FONTE | C14: CÓDIGO | D14: DESCRIÇÃO | E14: UN | F14: QUANT. | G14: PLANILHA NÃO DESONERADA SINAPI 02/2026 - BDI 22,42% | K14: PLANILHA DESONERADA SINAPI 02/2026 - BDI 27,30%
G15: VALOR UNIT. S/BDI | H15: VALOR UNIT. C/BDI | I15: VALOR TOTAL S/BDI | J15: VALOR TOTAL C/BDI | K15: VALOR UNIT. S/BDI | L15: VALOR UNIT. C/BDI | M15: VALOR TOTAL S/BDI | N15: VALOR TOTAL C/BDI
A16: I | D16: REFORMA DA QUADRA DO DISTRITO DE FREI CANECA
A17: 1 | D17: CANTEIRO DE OBRAS | I17: =SUM(I18:I19) -> 2812.62 | J17: =SUM(J18:J19) -> 3443.16 | M17: =M18 -> 2798.1 | N17: =N18 -> 3561.96
A18: 1.1 | B18: SINAPI - 02/2026 | C18: 103689 | D18: FORNECIMENTO E INSTALAÇÃO DE PLACA DE OBRA COM CHAPA GALVANIZADA E ESTRUTURA DE MADEIRA. AF_03/2022_PS | E18: M² | F18: 6 | G18: 468.77 | H18: =TRUNC((G18*1.2242),2) -> 573.86 | I18: =TRUNC((G18*F18),2) -> 2812.62 | J18: =TRUNC((H18*F18),2) -> 3443.16 | K18: 466.35 | L18: =TRUNC((K18*1.273),2) -> 593.66 | M18: =TRUNC((K18*F18),2) -> 2798.1 | N18: =TRUNC((L18*F18),2) -> 3561.96
D19: TOTAL=3,00X2,00 = 6,00M²
A20: 2 | D20: SERVIÇOS PRELIMINARES | I20: =SUM(I21:I26) -> 287.78 | J20: =SUM(J21:J26) -> 352.28 | M20: =SUM(M21:M26) -> 276.42 | N20: =SUM(N21:N26) -> 351.88
A21: 2.1 | B21: SINAPI - 02/2026 | C21: 97622 | D21: DEMOLIÇÃO DE ALVENARIA DE BLOCO FURADO, DE FORMA MANUAL, SEM REAPROVEITAMENTO. AF_09/2023 | E21: M³ | F21: 1.8 | G21: 63.85 | H21: =TRUNC((G21*1.2242),2) -> 78.16 | I21: =TRUNC((G21*F21),2) -> 114.93 | J21: =TRUNC((H21*F21),2) -> 140.68 | K21: 60.46 | L21: =TRUNC((K21*1.273),2) -> 76.96 | M21: =TRUNC((K21*F21),2) -> 108.82 | N21: =TRUNC((L21*F21),2) -> 138.52
D22: ALTERAÇÃO DE ENTRADAS=(1,5*0,27*0,5)+(0,35*0,27*0,5) = 0,25M³
D23: ESPERA DO ALAMBRADO=((10+10+13+13)*0,27*0,25*0,5)=1,55M³
D24: TOTAL=0,25+1,55 = 1,80M³
A25: 2.2 | B25: SINAPI - 02/2026 | C25: 104790 | D25: DEMOLIÇÃO DE PISO DE CONCRETO SIMPLES, DE FORMA MECANIZADA COM MARTELETE, SEM REAPROVEITAMENTO. AF_09/2023 | E25: M³ | F25: 1.64 | G25: 105.4 | H25: =TRUNC((G25*1.2242),2) -> 129.03 | I25: =TRUNC((G25*F25),2) -> 172.85 | J25: =TRUNC((H25*F25),2) -> 211.6 | K25: 102.2 | L25: =TRUNC((K25*1.273),2) -> 130.1 | M25: =TRUNC((K25*F25),2) -> 167.6 | N25: =TRUNC((L25*F25),2) -> 213.36
D26: DEMOLIÇÃO DE PISO PARA COLOCAÇÃO DE DRENO=(29,4*0,4*0,07)*2 = 1,64M³
A27: 3 | D27: MOVIMENTO DE TERRAS | I27: =SUM(I28:I30) -> 893.01 | J27: =SUM(J28:J30) -> 1093.18 | M27: =SUM(M28:M30) -> 846.27 | N27: =SUM(N28:N30) -> 1077.26
A28: 3.1 | B28: SINAPI - 02/2026 | C28: 93358 | D28: ESCAVAÇÃO MANUAL DE VALA. AF_09/2024 | E28: M3 | F28: 9.31 | G28: 95.92 | H28: =TRUNC((G28*1.2242),2) -> 117.42 | I28: =TRUNC((G28*F28),2) -> 893.01 | J28: =TRUNC((H28*F28),2) -> 1093.18 | K28: 90.9 | L28: =TRUNC((K28*1.273),2) -> 115.71 | M28: =TRUNC((K28*F28),2) -> 846.27 | N28: =TRUNC((L28*F28),2) -> 1077.26
D29: ESCAVAÇÃO PARA COLOCAÇÃO DE DRENO=(29,4*0,4*0,33)*2 = 7,76M³
D30: ESCAVAÇÃO PARA BLOCOS DE ANCORAGEM DO ALAMBRADO=((10+10+13+13)*0,27*0,25*0,5) = 1,55M³
D31: TOTAL=7,76+1,55 = 9,31M³
A32: 4 | D32: BLOCOS DE ANCORAGEM | I32: =SUM(I33:I36) -> 3877.03 | J32: =SUM(J33:J36) -> 4746.21 | M32: =SUM(M33:M36) -> 3757.62 | N32: =SUM(N33:N36) -> 4783.35
A33: 4.1 | B33: SINAPI - 02/2026 | C33: 96616 | D33: LASTRO DE CONCRETO MAGRO, APLICADO EM BLOCOS DE COROAMENTO OU SAPATAS. | E33: M3 | F33: 2.48 | G33: 894.56 | H33: =TRUNC((G33*1.2242),2) -> 1095.12 | I33: =TRUNC((G33*F33),2) -> 2218.5 | J33: =TRUNC((H33*F33),2) -> 2715.89 | K33: 874 | L33: =TRUNC((K33*1.273),2) -> 1112.6 | M33: =TRUNC((K33*F33),2) -> 2167.52 | N33: =TRUNC((L33*F33),2) -> 2759.24
D34: ENGASTAMENTO DO ALAMBRADO=((10+10+13+13)*0,27*0,25*0,8) = 2,48M³
A35: 4.2 | B35: SINAPI - 02/2026 | C35: 96535 | D35: FABRICAÇÃO, MONTAGEM E DESMONTAGEM DE FÔRMA PARA SAPATA, EM MADEIRA SERRADA, E=25 MM, 4 UTILIZAÇÕES. AF_01/2024 | E35: M2 | F35: 11.5 | G35: 144.22 | H35: =TRUNC((G35*1.2242),2) -> 176.55 | I35: =TRUNC((G35*F35),2) -> 1658.53 | J35: =TRUNC((H35*F35),2) -> 2030.32 | K35: 138.27 | L35: =TRUNC((K35*1.273),2) -> 176.01 | M35: =TRUNC((K35*F35),2) -> 1590.1 | N35: =TRUNC((L35*F35),2) -> 2024.11
D36: FORMA ANCORAGEM=((10+10+13+13)*0,25*0,5)*2 =11,50M²
A37: 5 | D37: ALVENARIAS | I37: =I38 -> 50.38 | J37: =J38 -> 61.67 | M37: =M38 -> 48.99 | N37: =N38 -> 62.37
A38: 5.1 | B38: SINAPI - 02/2026 | C38: 103326 | D38: ALVENARIA DE VEDAÇÃO DE BLOCOS CERÂMICOS FURADOS NA VERTICAL DE 19X19X39 CM (ESPESSURA 19 CM) E ARGAMASSA DE ASSENTAMENTO COM PREPARO EM BETONEIRA. AF_12/2021 | E38: M2 | F38: 0.58 | G38: 86.87 | H38: =TRUNC((G38*1.2242),2) -> 106.34 | I38: =TRUNC((G38*F38),2) -> 50.38 | J38: =TRUNC((H38*F38),2) -> 61.67 | K38: 84.48 | L38: =TRUNC((K38*1.273),2) -> 107.54 | M38: =TRUNC((K38*F38),2) -> 48.99 | N38: =TRUNC((L38*F38),2) -> 62.37
D39: ALTERAÇÃO DA ENTRADA=1,16*0,5 = 0,58M²
A40: 6 | D40: DRENAGEM | I40: =SUM(I41:I46) -> 8754.71 | J40: =SUM(J41:J46) -> 10717.21 | M40: =SUM(M41:M45) -> 8673.09 | N40: =SUM(N41:N45) -> 11040.29
A41: 6.1 | B41: SINAPI - 02/2026 | C41: 102668 | D41: DRENO SUBSUPERFICIAL (SEÇÃO 0,40 X 0,40 M), COM TUBO DE PVC CORRUGADO RÍGIDO PERFURADO, DN 100 MM, ENCHIMENTO COM BRITA, ENVOLVIDO COM MANTA GEOTÊXTIL. AF_07/2021 | E41: M | F41: 58.8 | G41: 105.37 | H41: =TRUNC((G41*1.2242),2) -> 128.99 | I41: =TRUNC((G41*F41),2) -> 6195.75 | J41: =TRUNC((H41*F41),2) -> 7584.61 | K41: 104.79 | L41: =TRUNC((K41*1.273),2) -> 133.39 | M41: =TRUNC((K41*F41),2) -> 6161.65 | N41: =TRUNC((L41*F41),2) -> 7843.33
D42: TOTAL=29,4*2 = 58,80M
A43: 6.2 | B43: SINAPI - 02/2026 | C43: 99253 | D43: CAIXA ENTERRADA HIDRÁULICA RETANGULAR EM ALVENARIA COM TIJOLOS CERÂMICOS MACIÇOS, DIMENSÕES INTERNAS: 0,6X0,6X0,6 M PARA REDE DE DRENAGEM. A F_12/2020 | E43: UND | F43: 2 | G43: 567.89 | H43: =TRUNC((G43*1.2242),2) -> 695.21 | I43: =TRUNC((G43*F43),2) -> 1135.78 | J43: =TRUNC((H43*F43),2) -> 1390.42 | K43: 548.87 | L43: =TRUNC((K43*1.273),2) -> 698.71 | M43: =TRUNC((K43*F43),2) -> 1097.74 | N43: =TRUNC((L43*F43),2) -> 1397.42
D44: TOTAL = 2 UND
A45: 6.3 | B45: SINAPI - 02/2026 | C45: 89580 | D45: TUBO PVC, SÉRIE R, ÁGUA PLUVIAL, DN 150 MM, FORNECIDO E INSTALADO EM CONDUTORES VERTICAIS DE ÁGUAS PLUVIAIS. AF_06/2022 | E45: M | F45: 23.7 | G45: 60.05 | H45: =TRUNC((G45*1.2242),2) -> 73.51 | I45: =TRUNC((G45*F45),2) -> 1423.18 | J45: =TRUNC((H45*F45),2) -> 1742.18 | K45: 59.65 | L45: =TRUNC((K45*1.273),2) -> 75.93 | M45: =TRUNC((K45*F45),2) -> 1413.7 | N45: =TRUNC((L45*F45),2) -> 1799.54
D46: TOTAL=17,7+6 = 23,70M
A47: 7 | D47: SISTEMA DE PISO | I47: =SUM(I48:I53) -> 70318.16 | J47: =SUM(J48:J53) -> 86081.99 | M47: =SUM(M48:M52) -> 70083.32 | N47: =SUM(N48:N52) -> 89217.62
A48: 7.1 | B48: COTAÇÃO | C48: 1 | D48: GRAMA SINTÉTICA ESPORTIVA PARA FUTEBOL EM POLIETILENO, COM ALTURA MINIMA DE 50MM (FORNECIMENTO E COLOCAÇÃO) | E48: M2 | F48: 540.96 | G48: 95 | H48: 116.3 | I48: =TRUNC((G48*F48),2) -> 51391.2 | J48: =TRUNC((H48*F48),2) -> 62913.64 | K48: 95 | L48: 120.94 | M48: =TRUNC((K48*F48),2) -> 51391.2 | N48: =TRUNC((L48*F48),2) -> 65423.7
D49: TOTAL=18,4*29,4 = 540,96M²
A50: 7.2 | B50: SINAPI - 02/2026 | C50: 94273 | D50: ASSENTAMENTO DE GUIA (MEIO-FIO) EM TRECHO RETO, CONFECCIONADA EM CONCRETO PRÉ-FABRICADO, DIMENSÕES 100X15X13X30 CM (COMPRIMENTO X BASE INFERIOR X BASE SUPERIOR X ALTURA). AF_01/2024 | E50: M | F50: 13.8 | G50: 48.21 | H50: =TRUNC((G50*1.2242),2) -> 59.01 | I50: =TRUNC((G50*F50),2) -> 665.29 | J50: =TRUNC((H50*F50),2) -> 814.33 | K50: 47.51 | L50: =TRUNC((K50*1.273),2) -> 60.48 | M50: =TRUNC((K50*F50),2) -> 655.63 | N50: =TRUNC((L50*F50),2) -> 834.62
D51: TOTAL =1,9+11,9 = 13,80M
A52: 7.3 | B52: SINAPI - 02/2026 | C52: 92396 | D52: EXECUÇÃO DE PASSEIO EM PISO INTERTRAVADO, COM BLOCO RETANGULAR COR NATURAL DE 20 X 10 CM, ESPESSURA 6 CM. AF_10/2022 | E52: M2 | F52: 206.58 | G52: 88.4 | H52: =TRUNC((G52*1.2242),2) -> 108.21 | I52: =TRUNC((G52*F52),2) -> 18261.67 | J52: =TRUNC((H52*F52),2) -> 22354.02 | K52: 87.31 | L52: =TRUNC((K52*1.273),2) -> 111.14 | M52: =TRUNC((K52*F52),2) -> 18036.49 | N52: =TRUNC((L52*F52),2) -> 22959.3
D53: TOTAL=((1,9+11,9)/2)*29,94 = 206,58M²
A54: 8 | D54: REVESTIMENTO DE PAREDES | I54: =SUM(I55:I58) -> 749.12 | J54: =SUM(J55:J58) -> 917.02 | M54: =SUM(M55:M57) -> 726.63 | N54: =SUM(N55:N57) -> 924.9
A55: 8.1 | B55: SINAPI - 02/2026 | C55: 87879 | D55: CHAPISCO APLICADO EM ALVENARIAS E ESTRUTURAS DE CONCRETO INTERNAS, COM COLHER DE PEDREIRO. ARGAMASSA TRAÇO 1:3 COM PREPARO EM BETONEIRA 400L. AF_10/2022 | E55: M2 | F55: 14.6 | G55: 4.91 | H55: =TRUNC((G55*1.2242),2) -> 6.01 | I55: =TRUNC((G55*F55),2) -> 71.68 | J55: =TRUNC((H55*F55),2) -> 87.74 | K55: 4.74 | L55: =TRUNC((K55*1.273),2) -> 6.03 | M55: =TRUNC((K55*F55),2) -> 69.2 | N55: =TRUNC((L55*F55),2) -> 88.03
D56: TOTAL=(0,5+0,5+0,27)*0,25*(10+10+13+13) = 14,60M²
A57: 8.2 | B57: SINAPI - 02/2026 | C57: 87792 | D57: EMBOÇO OU MASSA ÚNICA EM ARGAMASSA TRAÇO 1:2:8, PREPARO MECÂNICO COM BETONEIRA 400 L, APLICADA MANUALMENTE EM PANOS CEGOS DE FACHADA (SEM PRESENÇA DE VÃOS), ESPESSURA DE 25 MM. AF_08/2022 | E57: M2 | F57: 14.6 | G57: 46.4 | H57: =TRUNC((G57*1.2242),2) -> 56.8 | I57: =TRUNC((G57*F57),2) -> 677.44 | J57: =TRUNC((H57*F57),2) -> 829.28 | K57: 45.03 | L57: =TRUNC((K57*1.273),2) -> 57.32 | M57: =TRUNC((K57*F57),2) -> 657.43 | N57: =TRUNC((L57*F57),2) -> 836.87
D58: TOTAL=(0,5+0,5+0,27)*0,25*(10+10+13+13) = 14,60M²
A59: 9 | D59: INSTALAÇÕES ELÉTRICAS | I59: =SUM(I60:I77) -> 13691.02 | J59: =SUM(J60:J77) -> 16760.07 | M59: =SUM(M60:M76) -> 13559.38 | N59: =SUM(N60:N76) -> 17259.51
A60: 9.1 | B60: SINAPI - 02/2026 | C60: 101877 | D60: QUADRO DE DISTRIBUIÇÃO DE ENERGIA EM PVC, DE EMBUTIR, SEM BARRAMENTO, PARA 3 DISJUNTORES - FORNECIMENTO E INSTALAÇÃO. AF_10/2020 | E60: UND | F60: 1 | G60: 97.15 | H60: =TRUNC((G60*1.2242),2) -> 118.93 | I60: =TRUNC((G60*F60),2) -> 97.15 | J60: =TRUNC((H60*F60),2) -> 118.93 | K60: 94.86 | L60: =TRUNC((K60*1.273),2) -> 120.75 | M60: =TRUNC((K60*F60),2) -> 94.86 | N60: =TRUNC((L60*F60),2) -> 120.75
D61: TOTAL = 1 UND
A62: 9.2 | B62: SINAPI - 02/2026 | C62: 93658 | D62: DISJUNTOR MONOPOLAR TIPO DIN, CORRENTE NOMINAL DE 40A - FORNECIMENTO E INSTALAÇÃO. AF_10/2020 | E62: UND | F62: 1 | G62: 23.91 | H62: =TRUNC((G62*1.2242),2) -> 29.27 | I62: =TRUNC((G62*F62),2) -> 23.91 | J62: =TRUNC((H62*F62),2) -> 29.27 | K62: 23.52 | L62: =TRUNC((K62*1.273),2) -> 29.94 | M62: =TRUNC((K62*F62),2) -> 23.52 | N62: =TRUNC((L62*F62),2) -> 29.94
D63: TOTAL = 1 UND
A64: 9.3 | B64: SINAPI - 02/2026 | C64: 93655 | D64: DISJUNTOR MONOPOLAR TIPO DIN, CORRENTE NOMINAL DE 20A - FORNECIMENTO E INSTALAÇÃO. AF_10/2020 | E64: UND | F64: 2 | G64: 14.13 | H64: =TRUNC((G64*1.2242),2) -> 17.29 | I64: =TRUNC((G64*F64),2) -> 28.26 | J64: =TRUNC((H64*F64),2) -> 34.58 | K64: 13.98 | L64: =TRUNC((K64*1.273),2) -> 17.79 | M64: =TRUNC((K64*F64),2) -> 27.96 | N64: =TRUNC((L64*F64),2) -> 35.58
D65: TOTAL = 2 UND
A66: 9.4 | B66: SINAPI - 02/2026 | C66: 97886 | D66: CAIXA ENTERRADA ELÉTRICA RETANGULAR, EM ALVENARIA COM TIJOLOS CERÂMICO S MACIÇOS, FUNDO COM BRITA, DIMENSÕES INTERNAS: 0,3X0,3X0,3 M. AF_12/2020 | E66: UND | F66: 5 | G66: 169.67 | H66: =TRUNC((G66*1.2242),2) -> 207.71 | I66: =TRUNC((G66*F66),2) -> 848.35 | J66: =TRUNC((H66*F66),2) -> 1038.55 | K66: 163.68 | L66: =TRUNC((K66*1.273),2) -> 208.36 | M66: =TRUNC((K66*F66),2) -> 818.4 | N66: =TRUNC((L66*F66),2) -> 1041.8
D67: TOTAL = 5 UND
A68: 9.5 | B68: SINAPI - 02/2026 | C68: 91871 | D68: ELETRODUTO RÍGIDO ROSCÁVEL, PVC, DN 25 MM (3/4"), PARA CIRCUITOS TERMINAIS, INSTALADO EM PAREDE - FORNECIMENTO E INSTALAÇÃO. AF_03/2023 | E68: M | F68: 68.91 | G68: 15.36 | H68: =TRUNC((G68*1.2242),2) -> 18.8 | I68: =TRUNC((G68*F68),2) -> 1058.45 | J68: =TRUNC((H68*F68),2) -> 1295.5 | K68: 14.81 | L68: =TRUNC((K68*1.273),2) -> 18.85 | M68: =TRUNC((K68*F68),2) -> 1020.55 | N68: =TRUNC((L68*F68),2) -> 1298.95
D69: TOTAL=20,62+20,62+18,67+9 = 68,91M
A70: 9.6 | B70: SINAPI - 02/2026 | C70: 91929 | D70: CABO DE COBRE FLEXÍVEL ISOLADO, 4 MM², ANTI-CHAMA 0,6/1,0 KV, PARA CIRCUITOS TERMINAIS - FORNECIMENTO E INSTALAÇÃO. AF_03/2023 | E70: M | F70: 209.82 | G70: 8.21 | H70: =TRUNC((G70*1.2242),2) -> 10.05 | I70: =TRUNC((G70*F70),2) -> 1722.62 | J70: =TRUNC((H70*F70),2) -> 2108.69 | K70: 8.08 | L70: =TRUNC((K70*1.273),2) -> 10.28 | M70: =TRUNC((K70*F70),2) -> 1695.34 | N70: =TRUNC((L70*F70),2) -> 2156.94
D71: TOTAL=(68,91*2)+(4*6*3) = 209,82M
A72: 9.7 | B72: SINAPI - 02/2026 | C72: 96985 | D72: HASTE DE ATERRAMENTO, DIÂMETRO 5/8", COM 3 METROS - FORNECIMENTO E INSTALAÇÃO. AF_08/2023 | E72: UND | F72: 5 | G72: 110.24 | H72: =TRUNC((G72*1.2242),2) -> 134.95 | I72: =TRUNC((G72*F72),2) -> 551.2 | J72: =TRUNC((H72*F72),2) -> 674.75 | K72: 109.47 | L72: =TRUNC((K72*1.273),2) -> 139.35 | M72: =TRUNC((K72*F72),2) -> 547.35 | N72: =TRUNC((L72*F72),2) -> 696.75
D73: TOTAL = 5 UND
A74: 9.8 | B74: SINAPI - 02/2026 | C74: 105946 | D74: POSTE DE AÇO CÔNICO CONTÍNUO RETO, FLANGEADO, H=5M - FORNECIMENTO E INSTALAÇÃO. AF_04/2025 | E74: UND | F74: 4 | G74: 820.99 | H74: =TRUNC((G74*1.2242),2) -> 1005.05 | I74: =TRUNC((G74*F74),2) -> 3283.96 | J74: =TRUNC((H74*F74),2) -> 4020.2 | K74: 815.79 | L74: =TRUNC((K74*1.273),2) -> 1038.5 | M74: =TRUNC((K74*F74),2) -> 3263.16 | N74: =TRUNC((L74*F74),2) -> 4154
D75: TOTAL = 4 UND
A76: 9.9 | B76: SINAPI - 02/2026 | C76: 101659 | D76: LUMINÁRIA DE LED PARA ILUMINAÇÃO PÚBLICA, DE 181 W ATÉ 239 W - FORNECIMENTO E INSTALAÇÃO. AF_02/2025_PS | E76: UND | F76: 8 | G76: 759.64 | H76: =TRUNC((G76*1.2242),2) -> 929.95 | I76: =TRUNC((G76*F76),2) -> 6077.12 | J76: =TRUNC((H76*F76),2) -> 7439.6 | K76: 758.53 | L76: =TRUNC((K76*1.273),2) -> 965.6 | M76: =TRUNC((K76*F76),2) -> 6068.24 | N76: =TRUNC((L76*F76),2) -> 7724.8
D77: TOTAL=4*2 = 8,00 UND
A78: 10 | D78: PINTURA | I78: =SUM(I79:I83) -> 5645.4 | J78: =SUM(J79:J83) -> 6910.03 | M78: =SUM(M79:M83) -> 5449.38 | N78: =SUM(N79:N83) -> 6934.83
A79: 10.1 | B79: SINAPI - 02/2026 | C79: 88485 | D79: FUNDO SELADOR ACRÍLICO, APLICAÇÃO MANUAL EM PAREDE, UMA DEMÃO. AF_04/2023 | E79: M2 | F79: 118.08 | G79: 4.65 | H79: =TRUNC((G79*1.2242),2) -> 5.69 | I79: =TRUNC((G79*F79),2) -> 549.07 | J79: =TRUNC((H79*F79),2) -> 671.87 | K79: 4.52 | L79: =TRUNC((K79*1.273),2) -> 5.75 | M79: =TRUNC((K79*F79),2) -> 533.72 | N79: =TRUNC((L79*F79),2) -> 678.96
D80: TOTAL=((18,94+18,94+29,4+29,4-1,85-1,85)*0,5*2)+((18,94+18,94+29,4+29,4-1,85-1,85)*0,27) = 118,08M²
A81: 10.2 | B81: SINAPI - 02/2026 | C81: 96135 | D81: APLICAÇÃO MANUAL DE MASSA ACRÍLICA EM PAREDES EXTERNAS DE CASAS, DUAS DEMÃOS. AF_03/2024 | E81: M2 | F81: 118.08 | G81: 28.52 | H81: =TRUNC((G81*1.2242),2) -> 34.91 | I81: =TRUNC((G81*F81),2) -> 3367.64 | J81: =TRUNC((H81*F81),2) -> 4122.17 | K81: 27.32 | L81: =TRUNC((K81*1.273),2) -> 34.77 | M81: =TRUNC((K81*F81),2) -> 3225.94 | N81: =TRUNC((L81*F81),2) -> 4105.64
D82: TOTAL=((18,94+18,94+29,4+29,4-1,85-1,85)*0,5*2)+((18,94+18,94+29,4+29,4-1,85-1,85)*0,27) = 118,08M²
A83: 10.3 | B83: SINAPI - 02/2026 | C83: 88489 | D83: PINTURA LÁTEX ACRÍLICA PREMIUM, APLICAÇÃO MANUAL EM PAREDES, DUAS DEMÃOS. AF_04/2023 | E83: M2 | F83: 118.08 | G83: 14.64 | H83: =TRUNC((G83*1.2242),2) -> 17.92 | I83: =TRUNC((G83*F83),2) -> 1728.69 | J83: =TRUNC((H83*F83),2) -> 2115.99 | K83: 14.31 | L83: =TRUNC((K83*1.273),2) -> 18.21 | M83: =TRUNC((K83*F83),2) -> 1689.72 | N83: =TRUNC((L83*F83),2) -> 2150.23
D84: TOTAL=((18,94+18,94+29,4+29,4-1,85-1,85)*0,5*2)+((18,94+18,94+29,4+29,4-1,85-1,85)*0,27) = 118,08M²
A85: 11 | D85: SERVIÇOS COMPLEMENTARES | I85: =SUM(I86:I86) -> 42447.35 | J85: =SUM(J86:J86) -> 51963.56 | M85: =SUM(M86:M86) -> 41936.88 | N85: =SUM(N86:N86) -> 53384.76
A86: 11.1 | B86: SINAPI - 02/2026 | C86: 102362 | D86: ALAMBRADO PARA QUADRA POLIESPORTIVA, ESTRUTURADO POR TUBOS DE AÇO GALVANIZADO, (MONTANTES COM DIÂMETRO 2", TRAVESSAS E ESCORAS COM DIÂMETRO 1 ¼"), COM TELA DE ARAME GALVANIZADO, FIO 14 BWG E MALHA QUADRADA 5X5CM (EXCETO MURETA). AF_12/2025 | E86: M2 | F86: 290.04 | G86: 146.35 | H86: =TRUNC((G86*1.2242),2) -> 179.16 | I86: =TRUNC((G86*F86),2) -> 42447.35 | J86: =TRUNC((H86*F86),2) -> 51963.56 | K86: 144.59 | L86: =TRUNC((K86*1.273),2) -> 184.06 | M86: =TRUNC((K86*F86),2) -> 41936.88 | N86: =TRUNC((L86*F86),2) -> 53384.76
D87: TOTAL=(18,67+29,67)*2*3 = 290,04M²
F88: TOTAL GERAL | I88: =I17+I20+I27+I32+I37+I40+I47+I54+I59+I78+I85 -> 149526.58 | J88: =J17+J20+J27+J32+J37+J40+J47+J54+J59+J78+J85 -> 183046.38 | M88: =M17+M20+M27+M32+M37+M40+M47+M54+M59+M78+M85 -> 148156.08 | N88: =N17+N20+N27+N32+N37+N40+N47+N54+N59+N78+N85 -> 188598.73
A90: A PLANILHA MAIS VANTAJOSA A ADMINISTRAÇÃO PÚBLICA É A NÃO DESONERADA
A95: ADALBERTO QUEIROZ DA SILVA NETO
A96: ENGENHEIRO CIVIL - CREA 29.759 D/PE

Sheet MEM CALC.
A1: PREFEITURA MUNICIPAL DE JAQUEIRA
A5: MEMÓRIA DE CÁLCULO
A7: OBRA : REFORMA DA QUADRA DO DISTRITO DE FREI CANECA
A8: LOCAL : DISTRITO DE FREI CANECA - JAQUEIRA - PERNAMBUCO
A13: ITEM | B13: FONTE | C13: CÓDIGO | D13: DESCRIÇÃO | E13: UN | F13: QUANT.
A15: I | D15: REFORMA DA QUADRA DO DISTRITO DE FREI CANECA
A16: 1 | D16: CANTEIRO DE OBRAS
A17: 1.1 | B17: SINAPI - 02/2026 | C17: 103689 | D17: FORNECIMENTO E INSTALAÇÃO DE PLACA DE OBRA COM CHAPA GALVANIZADA E ESTRUTURA DE MADEIRA. AF_03/2022_PS | E17: M² | F17: 6
D18: TOTAL=3,00X2,00 = 6,00M²
A19: 2 | D19: SERVIÇOS PRELIMINARES
A20: 2.1 | B20: SINAPI - 02/2026 | C20: 97622 | D20: DEMOLIÇÃO DE ALVENARIA DE BLOCO FURADO, DE FORMA MANUAL, SEM REAPROVEITAMENTO. AF_09/2023 | E20: M³ | F20: 1.8
D21: ALTERAÇÃO DE ENTRADAS=(1,5*0,27*0,5)+(0,35*0,27*0,5) = 0,25M³
D22: ESPERA DO ALAMBRADO=((10+10+13+13)*0,27*0,25*0,5)=1,55M³
D23: TOTAL=0,25+1,55 = 1,80M³
A24: 2.2 | B24: SINAPI - 02/2026 | C24: 104790 | D24: DEMOLIÇÃO DE PISO DE CONCRETO SIMPLES, DE FORMA MECANIZADA COM MARTELETE, SEM REAPROVEITAMENTO. AF_09/2023 | E24: M³ | F24: 1.64
D25: DEMOLIÇÃO DE PISO PARA COLOCAÇÃO DE DRENO=(29,4*0,4*0,07)*2 = 1,64M³
A26: 3 | D26: MOVIMENTO DE TERRAS
A27: 3.1 | B27: SINAPI - 02/2026 | C27: 93358 | D27: ESCAVAÇÃO MANUAL DE VALA. AF_09/2024 | E27: M3 | F27: 9.31
D28: ESCAVAÇÃO PARA COLOCAÇÃO DE DRENO=(29,4*0,4*0,33)*2 = 7,76M³
D29: ESCAVAÇÃO PARA BLOCOS DE ANCORAGEM DO ALAMBRADO=((10+10+13+13)*0,27*0,25*0,5) = 1,55M³
D30: TOTAL=7,76+1,55 = 9,31M³
A31: 4 | D31: BLOCOS DE ANCORAGEM
A32: 4.1 | B32: SINAPI - 02/2026 | C32: 96616 | D32: LASTRO DE CONCRETO MAGRO, APLICADO EM BLOCOS DE COROAMENTO OU SAPATAS. | E32: M3 | F32: 2.48
D33: ENGASTAMENTO DO ALAMBRADO=((10+10+13+13)*0,27*0,25*0,8) = 2,48M³
A34: 4.2 | B34: SINAPI - 02/2026 | C34: 96535 | D34: FABRICAÇÃO, MONTAGEM E DESMONTAGEM DE FÔRMA PARA SAPATA, EM MADEIRA SERRADA, E=25 MM, 4 UTILIZAÇÕES. AF_01/2024 | E34: M2 | F34: 11.5
D35: FORMA ANCORAGEM=((10+10+13+13)*0,25*0,5)*2 =11,50M²
A36: 5 | D36: ALVENARIAS
A37: 5.1 | B37: SINAPI - 02/2026 | C37: 103326 | D37: ALVENARIA DE VEDAÇÃO DE BLOCOS CERÂMICOS FURADOS NA VERTICAL DE 19X19X39 CM (ESPESSURA 19 CM) E ARGAMASSA DE ASSENTAMENTO COM PREPARO EM BETONEIRA. AF_12/2021 | E37: M2 | F37: 0.58
D38: ALTERAÇÃO DA ENTRADA=1,16*0,5 = 0,58M²
A39: 6 | D39: DRENAGEM
A40: 6.1 | B40: SINAPI - 02/2026 | C40: 102668 | D40: DRENO SUBSUPERFICIAL (SEÇÃO 0,40 X 0,40 M), COM TUBO DE PVC CORRUGADO RÍGIDO PERFURADO, DN 100 MM, ENCHIMENTO COM BRITA, ENVOLVIDO COM MANTA GEOTÊXTIL. AF_07/2021 | E40: M | F40: 58.8
D41: TOTAL=29,4*2 = 58,80M
A42: 6.2 | B42: SINAPI - 02/2026 | C42: 99253 | D42: CAIXA ENTERRADA HIDRÁULICA RETANGULAR EM ALVENARIA COM TIJOLOS CERÂMICOS MACIÇOS, DIMENSÕES INTERNAS: 0,6X0,6X0,6 M PARA REDE DE DRENAGEM. A F_12/2020 | E42: UND | F42: 2
D43: TOTAL = 2 UND
A44: 6.3 | B44: SINAPI - 02/2026 | C44: 89580 | D44: TUBO PVC, SÉRIE R, ÁGUA PLUVIAL, DN 150 MM, FORNECIDO E INSTALADO EM CONDUTORES VERTICAIS DE ÁGUAS PLUVIAIS. AF_06/2022 | E44: M | F44: 23.7
D45: TOTAL=17,7+6 = 23,70M
A46: 7 | D46: SISTEMA DE PISO
A47: 7.1 | B47: COTAÇÃO | C47: 1 | D47: GRAMA SINTÉTICA ESPORTIVA PARA FUTEBOL EM POLIETILENO, COM ALTURA MINIMA DE 50MM (FORNECIMENTO E COLOCAÇÃO) | E47: M2 | F47: 540.96
D48: TOTAL=18,4*29,4 = 540,96M²
A49: 7.2 | B49: SINAPI - 02/2026 | C49: 94273 | D49: ASSENTAMENTO DE GUIA (MEIO-FIO) EM TRECHO RETO, CONFECCIONADA EM CONCRETO PRÉ-FABRICADO, DIMENSÕES 100X15X13X30 CM (COMPRIMENTO X BASE INFERIOR X BASE SUPERIOR X ALTURA). AF_01/2024 | E49: M | F49: 13.8
D50: TOTAL =1,9+11,9 = 13,80M
A51: 7.3 | B51: SINAPI - 02/2026 | C51: 92396 | D51: EXECUÇÃO DE PASSEIO EM PISO INTERTRAVADO, COM BLOCO RETANGULAR COR NATURAL DE 20 X 10 CM, ESPESSURA 6 CM. AF_10/2022 | E51: M2 | F51: 206.58
D52: TOTAL=((1,9+11,9)/2)*29,94 = 206,58M²
A53: 8 | D53: REVESTIMENTO DE PAREDES
A54: 8.1 | B54: SINAPI - 02/2026 | C54: 87879 | D54: CHAPISCO APLICADO EM ALVENARIAS E ESTRUTURAS DE CONCRETO INTERNAS, COM COLHER DE PEDREIRO. ARGAMASSA TRAÇO 1:3 COM PREPARO EM BETONEIRA 400L. AF_10/2022 | E54: M2 | F54: 14.6
D55: TOTAL=(0,5+0,5+0,27)*0,25*(10+10+13+13) = 14,60M²
A56: 8.2 | B56: SINAPI - 02/2026 | C56: 87792 | D56: EMBOÇO OU MASSA ÚNICA EM ARGAMASSA TRAÇO 1:2:8, PREPARO MECÂNICO COM BETONEIRA 400 L, APLICADA MANUALMENTE EM PANOS CEGOS DE FACHADA (SEM PRESENÇA DE VÃOS), ESPESSURA DE 25 MM. AF_08/2022 | E56: M2 | F56: 14.6
D57: TOTAL=(0,5+0,5+0,27)*0,25*(10+10+13+13) = 14,60M²
A58: 9 | D58: INSTALAÇÕES ELÉTRICAS
A59: 9.1 | B59: SINAPI - 02/2026 | C59: 101877 | D59: QUADRO DE DISTRIBUIÇÃO DE ENERGIA EM PVC, DE EMBUTIR, SEM BARRAMENTO, PARA 3 DISJUNTORES - FORNECIMENTO E INSTALAÇÃO. AF_10/2020 | E59: UND | F59: 1
D60: TOTAL = 1 UND
A61: 9.2 | B61: SINAPI - 02/2026 | C61: 93658 | D61: DISJUNTOR MONOPOLAR TIPO DIN, CORRENTE NOMINAL DE 40A - FORNECIMENTO E INSTALAÇÃO. AF_10/2020 | E61: UND | F61: 1
D62: TOTAL = 1 UND
A63: 9.3 | B63: SINAPI - 02/2026 | C63: 93655 | D63: DISJUNTOR MONOPOLAR TIPO DIN, CORRENTE NOMINAL DE 20A - FORNECIMENTO E INSTALAÇÃO. AF_10/2020 | E63: UND | F63: 2
D64: TOTAL = 2 UND
A65: 9.4 | B65: SINAPI - 02/2026 | C65: 97886 | D65: CAIXA ENTERRADA ELÉTRICA RETANGULAR, EM ALVENARIA COM TIJOLOS CERÂMICO S MACIÇOS, FUNDO COM BRITA, DIMENSÕES INTERNAS: 0,3X0,3X0,3 M. AF_12/2020 | E65: UND | F65: 5
D66: TOTAL = 5 UND
A67: 9.5 | B67: SINAPI - 02/2026 | C67: 91871 | D67: ELETRODUTO RÍGIDO ROSCÁVEL, PVC, DN 25 MM (3/4"), PARA CIRCUITOS TERMINAIS, INSTALADO EM PAREDE - FORNECIMENTO E INSTALAÇÃO. AF_03/2023 | E67: M | F67: 68.91
D68: TOTAL=20,62+20,62+18,67+9 = 68,91M
A69: 9.6 | B69: SINAPI - 02/2026 | C69: 91929 | D69: CABO DE COBRE FLEXÍVEL ISOLADO, 4 MM², ANTI-CHAMA 0,6/1,0 KV, PARA CIRCUITOS TERMINAIS - FORNECIMENTO E INSTALAÇÃO. AF_03/2023 | E69: M | F69: 209.82
D70: TOTAL=(68,91*2)+(4*6*3) = 209,82M
A71: 9.7 | B71: SINAPI - 02/2026 | C71: 96985 | D71: HASTE DE ATERRAMENTO, DIÂMETRO 5/8", COM 3 METROS - FORNECIMENTO E INSTALAÇÃO. AF_08/2023 | E71: UND | F71: 5
D72: TOTAL = 5 UND
A73: 9.8 | B73: SINAPI - 02/2026 | C73: 105946 | D73: POSTE DE AÇO CÔNICO CONTÍNUO RETO, FLANGEADO, H=5M - FORNECIMENTO E INSTALAÇÃO. AF_04/2025 | E73: UND | F73: 4
D74: TOTAL = 4 UND
A75: 9.9 | B75: SINAPI - 02/2026 | C75: 101659 | D75: LUMINÁRIA DE LED PARA ILUMINAÇÃO PÚBLICA, DE 181 W ATÉ 239 W - FORNECIMENTO E INSTALAÇÃO. AF_02/2025_PS | E75: UND | F75: 8
D76: TOTAL=4*2 = 8,00 UND
A77: 10 | D77: PINTURA
A78: 10.1 | B78: SINAPI - 02/2026 | C78: 88485 | D78: FUNDO SELADOR ACRÍLICO, APLICAÇÃO MANUAL EM PAREDE, UMA DEMÃO. AF_04/2023 | E78: M2 | F78: 118.08
D79: TOTAL=((18,94+18,94+29,4+29,4-1,85-1,85)*0,5*2)+((18,94+18,94+29,4+29,4-1,85-1,85)*0,27) = 118,08M²
A80: 10.2 | B80: SINAPI - 02/2026 | C80: 96135 | D80: APLICAÇÃO MANUAL DE MASSA ACRÍLICA EM PAREDES EXTERNAS DE CASAS, DUAS DEMÃOS. AF_03/2024 | E80: M2 | F80: 118.08
D81: TOTAL=((18,94+18,94+29,4+29,4-1,85-1,85)*0,5*2)+((18,94+18,94+29,4+29,4-1,85-1,85)*0,27) = 118,08M²
A82: 10.3 | B82: SINAPI - 02/2026 | C82: 88489 | D82: PINTURA LÁTEX ACRÍLICA PREMIUM, APLICAÇÃO MANUAL EM PAREDES, DUAS DEMÃOS. AF_04/2023 | E82: M2 | F82: 118.08
D83: TOTAL=((18,94+18,94+29,4+29,4-1,85-1,85)*0,5*2)+((18,94+18,94+29,4+29,4-1,85-1,85)*0,27) = 118,08M²
A84: 11 | D84: SERVIÇOS COMPLEMENTARES
A85: 11.1 | B85: SINAPI - 02/2026 | C85: 102362 | D85: ALAMBRADO PARA QUADRA POLIESPORTIVA, ESTRUTURADO POR TUBOS DE AÇO GALVANIZADO, (MONTANTES COM DIÂMETRO 2", TRAVESSAS E ESCORAS COM DIÂMETRO 1 ¼"), COM TELA DE ARAME GALVANIZADO, FIO 14 BWG E MALHA QUADRADA 5X5CM (EXCETO MURETA). AF_12/2025 | E85: M2 | F85: 290.04
D86: TOTAL=(18,67+29,67)*2*3 = 290,04M²
A91: ADALBERTO QUEIROZ DA SILVA NETO
A92: ENGENHEIRO CIVIL - CREA 29.759 D/PE

Sheet PO LICITAÇÃO
A1: PREFEITURA MUNICIPAL DE JAQUEIRA
A5: PLANILHA ORÇAMENTÁRIA - LICITAÇÃO
A7: OBRA : REFORMA DA QUADRA DO DISTRITO DE FREI CANECA
A8: LOCAL : DISTRITO DE FREI CANECA - JAQUEIRA - PERNAMBUCO | H8: DATA BASE: SINAPI 02/2026
H9: BDI = 22,42%
A12: ITEM | B12: FONTE | C12: CÓDIGO | D12: DESCRIÇÃO | E12: UN | F12: QUANT. | G12: PLANILHA NÃO DESONERADA SINAPI 02/2026 - BDI 22,42%
G13: VALOR UNIT. S/BDI | H13: VALOR UNIT. C/BDI | I13: VALOR TOTAL S/BDI | J13: VALOR TOTAL C/BDI
A14: I | D14: REFORMA DA QUADRA DO DISTRITO DE FREI CANECA
A15: 1 | D15: CANTEIRO DE OBRAS | I15: =SUM(I16:I17) -> 2812.62 | J15: =SUM(J16:J17) -> 3443.16
A16: 1.1 | B16: SINAPI - 02/2026 | C16: 103689 | D16: FORNECIMENTO E INSTALAÇÃO DE PLACA DE OBRA COM CHAPA GALVANIZADA E ESTRUTURA DE MADEIRA. AF_03/2022_PS | E16: M² | F16: 6 | G16: 468.77 | H16: =TRUNC((G16*1.2242),2) -> 573.86 | I16: =TRUNC((G16*F16),2) -> 2812.62 | J16: =TRUNC((H16*F16),2) -> 3443.16
D17: TOTAL=3,00X2,00 = 6,00M²
A18: 2 | D18: SERVIÇOS PRELIMINARES | I18: =SUM(I19:I24) -> 287.78 | J18: =SUM(J19:J24) -> 352.28
A19: 2.1 | B19: SINAPI - 02/2026 | C19: 97622 | D19: DEMOLIÇÃO DE ALVENARIA DE BLOCO FURADO, DE FORMA MANUAL, SEM REAPROVEITAMENTO. AF_09/2023 | E19: M³ | F19: 1.8 | G19: 63.85 | H19: =TRUNC((G19*1.2242),2) -> 78.16 | I19: =TRUNC((G19*F19),2) -> 114.93 | J19: =TRUNC((H19*F19),2) -> 140.68
D20: ALTERAÇÃO DE ENTRADAS=(1,5*0,27*0,5)+(0,35*0,27*0,5) = 0,25M³
D21: ESPERA DO ALAMBRADO=((10+10+13+13)*0,27*0,25*0,5)=1,55M³
D22: TOTAL=0,25+1,55 = 1,80M³
A23: 2.2 | B23: SINAPI - 02/2026 | C23: 104790 | D23: DEMOLIÇÃO DE PISO DE CONCRETO SIMPLES, DE FORMA MECANIZADA COM MARTELETE, SEM REAPROVEITAMENTO. AF_09/2023 | E23: M³ | F23: 1.64 | G23: 105.4 | H23: =TRUNC((G23*1.2242),2) -> 129.03 | I23: =TRUNC((G23*F23),2) -> 172.85 | J23: =TRUNC((H23*F23),2) -> 211.6
D24: DEMOLIÇÃO DE PISO PARA COLOCAÇÃO DE DRENO=(29,4*0,4*0,07)*2 = 1,64M³
A25: 3 | D25: MOVIMENTO DE TERRAS | I25: =SUM(I26:I28) -> 893.01 | J25: =SUM(J26:J28) -> 1093.18
A26: 3.1 | B26: SINAPI - 02/2026 | C26: 93358 | D26: ESCAVAÇÃO MANUAL DE VALA. AF_09/2024 | E26: M3 | F26: 9.31 | G26: 95.92 | H26: =TRUNC((G26*1.2242),2) -> 117.42 | I26: =TRUNC((G26*F26),2) -> 893.01 | J26: =TRUNC((H26*F26),2) -> 1093.18
D27: ESCAVAÇÃO PARA COLOCAÇÃO DE DRENO=(29,4*0,4*0,33)*2 = 7,76M³
D28: ESCAVAÇÃO PARA BLOCOS DE ANCORAGEM DO ALAMBRADO=((10+10+13+13)*0,27*0,25*0,5) = 1,55M³
D29: TOTAL=7,76+1,55 = 9,31M³
A30: 4 | D30: BLOCOS DE ANCORAGEM | I30: =SUM(I31:I34) -> 3877.03 | J30: =SUM(J31:J34) -> 4746.21
A31: 4.1 | B31: SINAPI - 02/2026 | C31: 96616 | D31: LASTRO DE CONCRETO MAGRO, APLICADO EM BLOCOS DE COROAMENTO OU SAPATAS. | E31: M3 | F31: 2.48 | G31: 894.56 | H31: =TRUNC((G31*1.2242),2) -> 1095.12 | I31: =TRUNC((G31*F31),2) -> 2218.5 | J31: =TRUNC((H31*F31),2) -> 2715.89
D32: ENGASTAMENTO DO ALAMBRADO=((10+10+13+13)*0,27*0,25*0,8) = 2,48M³
A33: 4.2 | B33: SINAPI - 02/2026 | C33: 96535 | D33: FABRICAÇÃO, MONTAGEM E DESMONTAGEM DE FÔRMA PARA SAPATA, EM MADEIRA SERRADA, E=25 MM, 4 UTILIZAÇÕES. AF_01/2024 | E33: M2 | F33: 11.5 | G33: 144.22 | H33: =TRUNC((G33*1.2242),2) -> 176.55 | I33: =TRUNC((G33*F33),2) -> 1658.53 | J33: =TRUNC((H33*F33),2) -> 2030.32
D34: FORMA ANCORAGEM=((10+10+13+13)*0,25*0,5)*2 =11,50M²
A35: 5 | D35: ALVENARIAS | I35: =I36 -> 50.38 | J35: =J36 -> 61.67
A36: 5.1 | B36: SINAPI - 02/2026 | C36: 103326 | D36: ALVENARIA DE VEDAÇÃO DE BLOCOS CERÂMICOS FURADOS NA VERTICAL DE 19X19X39 CM (ESPESSURA 19 CM) E ARGAMASSA DE ASSENTAMENTO COM PREPARO EM BETONEIRA. AF_12/2021 | E36: M2 | F36: 0.58 | G36: 86.87 | H36: =TRUNC((G36*1.2242),2) -> 106.34 | I36: =TRUNC((G36*F36),2) -> 50.38 | J36: =TRUNC((H36*F36),2) -> 61.67
D37: ALTERAÇÃO DA ENTRADA=1,16*0,5 = 0,58M²
A38: 6 | D38: DRENAGEM | I38: =SUM(I39:I44) -> 8754.71 | J38: =SUM(J39:J44) -> 10717.21
A39: 6.1 | B39: SINAPI - 02/2026 | C39: 102668 | D39: DRENO SUBSUPERFICIAL (SEÇÃO 0,40 X 0,40 M), COM TUBO DE PVC CORRUGADO RÍGIDO PERFURADO, DN 100 MM, ENCHIMENTO COM BRITA, ENVOLVIDO COM MANTA GEOTÊXTIL. AF_07/2021 | E39: M | F39: 58.8 | G39: 105.37 | H39: =TRUNC((G39*1.2242),2) -> 128.99 | I39: =TRUNC((G39*F39),2) -> 6195.75 | J39: =TRUNC((H39*F39),2) -> 7584.61
D40: TOTAL=29,4*2 = 58,80M
A41: 6.2 | B41: SINAPI - 02/2026 | C41: 99253 | D41: CAIXA ENTERRADA HIDRÁULICA RETANGULAR EM ALVENARIA COM TIJOLOS CERÂMICOS MACIÇOS, DIMENSÕES INTERNAS: 0,6X0,6X0,6 M PARA REDE DE DRENAGEM. A F_12/2020 | E41: UND | F41: 2 | G41: 567.89 | H41: =TRUNC((G41*1.2242),2) -> 695.21 | I41: =TRUNC((G41*F41),2) -> 1135.78 | J41: =TRUNC((H41*F41),2) -> 1390.42
D42: TOTAL = 2 UND
A43: 6.3 | B43: SINAPI - 02/2026 | C43: 89580 | D43: TUBO PVC, SÉRIE R, ÁGUA PLUVIAL, DN 150 MM, FORNECIDO E INSTALADO EM CONDUTORES VERTICAIS DE ÁGUAS PLUVIAIS. AF_06/2022 | E43: M | F43: 23.7 | G43: 60.05 | H43: =TRUNC((G43*1.2242),2) -> 73.51 | I43: =TRUNC((G43*F43),2) -> 1423.18 | J43: =TRUNC((H43*F43),2) -> 1742.18
D44: TOTAL=17,7+6 = 23,70M
A45: 7 | D45: SISTEMA DE PISO | I45: =SUM(I46:I51) -> 70318.16 | J45: =SUM(J46:J51) -> 86081.99
A46: 7.1 | B46: COTAÇÃO | C46: 1 | D46: GRAMA SINTÉTICA ESPORTIVA PARA FUTEBOL EM POLIETILENO, COM ALTURA MINIMA DE 50MM (FORNECIMENTO E COLOCAÇÃO) | E46: M2 | F46: 540.96 | G46: 95 | H46: 116.3 | I46: =TRUNC((G46*F46),2) -> 51391.2 | J46: =TRUNC((H46*F46),2) -> 62913.64
D47: TOTAL=18,4*29,4 = 540,96M²
A48: 7.2 | B48: SINAPI - 02/2026 | C48: 94273 | D48: ASSENTAMENTO DE GUIA (MEIO-FIO) EM TRECHO RETO, CONFECCIONADA EM CONCRETO PRÉ-FABRICADO, DIMENSÕES 100X15X13X30 CM (COMPRIMENTO X BASE INFERIOR X BASE SUPERIOR X ALTURA). AF_01/2024 | E48: M | F48: 13.8 | G48: 48.21 | H48: =TRUNC((G48*1.2242),2) -> 59.01 | I48: =TRUNC((G48*F48),2) -> 665.29 | J48: =TRUNC((H48*F48),2) -> 814.33
D49: TOTAL =1,9+11,9 = 13,80M
A50: 7.3 | B50: SINAPI - 02/2026 | C50: 92396 | D50: EXECUÇÃO DE PASSEIO EM PISO INTERTRAVADO, COM BLOCO RETANGULAR COR NATURAL DE 20 X 10 CM, ESPESSURA 6 CM. AF_10/2022 | E50: M2 | F50: 206.58 | G50: 88.4 | H50: =TRUNC((G50*1.2242),2) -> 108.21 | I50: =TRUNC((G50*F50),2) -> 18261.67 | J50: =TRUNC((H50*F50),2) -> 22354.02
D51: TOTAL=((1,9+11,9)/2)*29,94 = 206,58M²
A52: 8 | D52: REVESTIMENTO DE PAREDES | I52: =SUM(I53:I56) -> 749.12 | J52: =SUM(J53:J56) -> 917.02
A53: 8.1 | B53: SINAPI - 02/2026 | C53: 87879 | D53: CHAPISCO APLICADO EM ALVENARIAS E ESTRUTURAS DE CONCRETO INTERNAS, COM COLHER DE PEDREIRO. ARGAMASSA TRAÇO 1:3 COM PREPARO EM BETONEIRA 400L. AF_10/2022 | E53: M2 | F53: 14.6 | G53: 4.91 | H53: =TRUNC((G53*1.2242),2) -> 6.01 | I53: =TRUNC((G53*F53),2) -> 71.68 | J53: =TRUNC((H53*F53),2) -> 87.74
D54: TOTAL=(0,5+0,5+0,27)*0,25*(10+10+13+13) = 14,60M²
A55: 8.2 | B55: SINAPI - 02/2026 | C55: 87792 | D55: EMBOÇO OU MASSA ÚNICA EM ARGAMASSA TRAÇO 1:2:8, PREPARO MECÂNICO COM BETONEIRA 400 L, APLICADA MANUALMENTE EM PANOS CEGOS DE FACHADA (SEM PRESENÇA DE VÃOS), ESPESSURA DE 25 MM. AF_08/2022 | E55: M2 | F55: 14.6 | G55: 46.4 | H55: =TRUNC((G55*1.2242),2) -> 56.8 | I55: =TRUNC((G55*F55),2) -> 677.44 | J55: =TRUNC((H55*F55),2) -> 829.28
D56: TOTAL=(0,5+0,5+0,27)*0,25*(10+10+13+13) = 14,60M²
A57: 9 | D57: INSTALAÇÕES ELÉTRICAS | I57: =SUM(I58:I75) -> 13691.02 | J57: =SUM(J58:J75) -> 16760.07
A58: 9.1 | B58: SINAPI - 02/2026 | C58: 101877 | D58: QUADRO DE DISTRIBUIÇÃO DE ENERGIA EM PVC, DE EMBUTIR, SEM BARRAMENTO, PARA 3 DISJUNTORES - FORNECIMENTO E INSTALAÇÃO. AF_10/2020 | E58: UND | F58: 1 | G58: 97.15 | H58: =TRUNC((G58*1.2242),2) -> 118.93 | I58: =TRUNC((G58*F58),2) -> 97.15 | J58: =TRUNC((H58*F58),2) -> 118.93
D59: TOTAL = 1 UND
A60: 9.2 | B60: SINAPI - 02/2026 | C60: 93658 | D60: DISJUNTOR MONOPOLAR TIPO DIN, CORRENTE NOMINAL DE 40A - FORNECIMENTO E INSTALAÇÃO. AF_10/2020 | E60: UND | F60: 1 | G60: 23.91 | H60: =TRUNC((G60*1.2242),2) -> 29.27 | I60: =TRUNC((G60*F60),2) -> 23.91 | J60: =TRUNC((H60*F60),2) -> 29.27
D61: TOTAL = 1 UND
A62: 9.3 | B62: SINAPI - 02/2026 | C62: 93655 | D62: DISJUNTOR MONOPOLAR TIPO DIN, CORRENTE NOMINAL DE 20A - FORNECIMENTO E INSTALAÇÃO. AF_10/2020 | E62: UND | F62: 2 | G62: 14.13 | H62: =TRUNC((G62*1.2242),2) -> 17.29 | I62: =TRUNC((G62*F62),2) -> 28.26 | J62: =TRUNC((H62*F62),2) -> 34.58
D63: TOTAL = 2 UND
A64: 9.4 | B64: SINAPI - 02/2026 | C64: 97886 | D64: CAIXA ENTERRADA ELÉTRICA RETANGULAR, EM ALVENARIA COM TIJOLOS CERÂMICO S MACIÇOS, FUNDO COM BRITA, DIMENSÕES INTERNAS: 0,3X0,3X0,3 M. AF_12/2020 | E64: UND | F64: 5 | G64: 169.67 | H64: =TRUNC((G64*1.2242),2) -> 207.71 | I64: =TRUNC((G64*F64),2) -> 848.35 | J64: =TRUNC((H64*F64),2) -> 1038.55
D65: TOTAL = 5 UND
A66: 9.5 | B66: SINAPI - 02/2026 | C66: 91871 | D66: ELETRODUTO RÍGIDO ROSCÁVEL, PVC, DN 25 MM (3/4"), PARA CIRCUITOS TERMINAIS, INSTALADO EM PAREDE - FORNECIMENTO E INSTALAÇÃO. AF_03/2023 | E66: M | F66: 68.91 | G66: 15.36 | H66: =TRUNC((G66*1.2242),2) -> 18.8 | I66: =TRUNC((G66*F66),2) -> 1058.45 | J66: =TRUNC((H66*F66),2) -> 1295.5
D67: TOTAL=20,62+20,62+18,67+9 = 68,91M
A68: 9.6 | B68: SINAPI - 02/2026 | C68: 91929 | D68: CABO DE COBRE FLEXÍVEL ISOLADO, 4 MM², ANTI-CHAMA 0,6/1,0 KV, PARA CIRCUITOS TERMINAIS - FORNECIMENTO E INSTALAÇÃO. AF_03/2023 | E68: M | F68: 209.82 | G68: 8.21 | H68: =TRUNC((G68*1.2242),2) -> 10.05 | I68: =TRUNC((G68*F68),2) -> 1722.62 | J68: =TRUNC((H68*F68),2) -> 2108.69
D69: TOTAL=(68,91*2)+(4*6*3) = 209,82M
A70: 9.7 | B70: SINAPI - 02/2026 | C70: 96985 | D70: HASTE DE ATERRAMENTO, DIÂMETRO 5/8", COM 3 METROS - FORNECIMENTO E INSTALAÇÃO. AF_08/2023 | E70: UND | F70: 5 | G70: 110.24 | H70: =TRUNC((G70*1.2242),2) -> 134.95 | I70: =TRUNC((G70*F70),2) -> 551.2 | J70: =TRUNC((H70*F70),2) -> 674.75
D71: TOTAL = 5 UND
A72: 9.8 | B72: SINAPI - 02/2026 | C72: 105946 | D72: POSTE DE AÇO CÔNICO CONTÍNUO RETO, FLANGEADO, H=5M - FORNECIMENTO E INSTALAÇÃO. AF_04/2025 | E72: UND | F72: 4 | G72: 820.99 | H72: =TRUNC((G72*1.2242),2) -> 1005.05 | I72: =TRUNC((G72*F72),2) -> 3283.96 | J72: =TRUNC((H72*F72),2) -> 4020.2
D73: TOTAL = 4 UND
A74: 9.9 | B74: SINAPI - 02/2026 | C74: 101659 | D74: LUMINÁRIA DE LED PARA ILUMINAÇÃO PÚBLICA, DE 181 W ATÉ 239 W - FORNECIMENTO E INSTALAÇÃO. AF_02/2025_PS | E74: UND | F74: 8 | G74: 759.64 | H74: =TRUNC((G74*1.2242),2) -> 929.95 | I74: =TRUNC((G74*F74),2) -> 6077.12 | J74: =TRUNC((H74*F74),2) -> 7439.6
D75: TOTAL=4*2 = 8,00 UND
A76: 10 | D76: PINTURA | I76: =SUM(I77:I81) -> 5645.4 | J76: =SUM(J77:J81) -> 6910.03
A77: 10.1 | B77: SINAPI - 02/2026 | C77: 88485 | D77: FUNDO SELADOR ACRÍLICO, APLICAÇÃO MANUAL EM PAREDE, UMA DEMÃO. AF_04/2023 | E77: M2 | F77: 118.08 | G77: 4.65 | H77: =TRUNC((G77*1.2242),2) -> 5.69 | I77: =TRUNC((G77*F77),2) -> 549.07 | J77: =TRUNC((H77*F77),2) -> 671.87
D78: TOTAL=((18,94+18,94+29,4+29,4-1,85-1,85)*0,5*2)+((18,94+18,94+29,4+29,4-1,85-1,85)*0,27) = 118,08M²
A79: 10.2 | B79: SINAPI - 02/2026 | C79: 96135 | D79: APLICAÇÃO MANUAL DE MASSA ACRÍLICA EM PAREDES EXTERNAS DE CASAS, DUAS DEMÃOS. AF_03/2024 | E79: M2 | F79: 118.08 | G79: 28.52 | H79: =TRUNC((G79*1.2242),2) -> 34.91 | I79: =TRUNC((G79*F79),2) -> 3367.64 | J79: =TRUNC((H79*F79),2) -> 4122.17
D80: TOTAL=((18,94+18,94+29,4+29,4-1,85-1,85)*0,5*2)+((18,94+18,94+29,4+29,4-1,85-1,85)*0,27) = 118,08M²
A81: 10.3 | B81: SINAPI - 02/2026 | C81: 88489 | D81: PINTURA LÁTEX ACRÍLICA PREMIUM, APLICAÇÃO MANUAL EM PAREDES, DUAS DEMÃOS. AF_04/2023 | E81: M2 | F81: 118.08 | G81: 14.64 | H81: =TRUNC((G81*1.2242),2) -> 17.92 | I81: =TRUNC((G81*F81),2) -> 1728.69 | J81: =TRUNC((H81*F81),2) -> 2115.99
D82: TOTAL=((18,94+18,94+29,4+29,4-1,85-1,85)*0,5*2)+((18,94+18,94+29,4+29,4-1,85-1,85)*0,27) = 118,08M²
A83: 11 | D83: SERVIÇOS COMPLEMENTARES | I83: =SUM(I84:I84) -> 42447.35 | J83: =SUM(J84:J84) -> 51963.56
A84: 11.1 | B84: SINAPI - 02/2026 | C84: 102362 | D84: ALAMBRADO PARA QUADRA POLIESPORTIVA, ESTRUTURADO POR TUBOS DE AÇO GALVANIZADO, (MONTANTES COM DIÂMETRO 2", TRAVESSAS E ESCORAS COM DIÂMETRO 1 ¼"), COM TELA DE ARAME GALVANIZADO, FIO 14 BWG E MALHA QUADRADA 5X5CM (EXCETO MURETA). AF_12/2025 | E84: M2 | F84: 290.04 | G84: 146.35 | H84: =TRUNC((G84*1.2242),2) -> 179.16 | I84: =TRUNC((G84*F84),2) -> 42447.35 | J84: =TRUNC((H84*F84),2) -> 51963.56
D85: TOTAL=(18,67+29,67)*2*3 = 290,04M²
F86: TOTAL GERAL | I86: =I15+I18+I25+I30+I35+I38+I45+I52+I57+I76+I83 -> 149526.58 | J86: =J15+J18+J25+J30+J35+J38+J45+J52+J57+J76+J83 -> 183046.38
A88: ESTA OBRA TOTALIZA A IMPORTÂNCIA DE R$ 183.046,38 (Cento e oitenta e três mil, quarenta e seis reais e trinta e oito centavos)
A93: ADALBERTO QUEIROZ DA SILVA NETO
A94: ENGENHEIRO CIVIL - CREA 29.759 D/PE

Sheet ENCARGOS
A1: PREFEITURA MUNICIPAL DE JAQUEIRA
A3: COMPOSIÇÃO DE ENCARGOS SOCIAIS SOBRE A MÃO DE OBRA
A6: OBRA : REFORMA DA QUADRA DO DISTRITO DE FREI CANECA
A7: LOCAL : DISTRITO DE FREI CANECA - JAQUEIRA - PERNAMBUCO
A12: CÓDIGO | B12: DESCRIÇÃO | C12: COM DESONERAÇÃO | E12: SEM DESONERAÇÃO
C13: HORISTA | D13: MENSALISTA | E13: HORISTA | F13: MENSALISTA
C14: % | D14: % | E14: % | F14: %
A15: GRUPO A
A16: A1 | B16: INSS | C16: 0 | D16: 0 | E16: 0.2 | F16: 0.2
A17: A2 | B17: SESI | C17: 0.015 | D17: 0.015 | E17: 0.015 | F17: 0.015
A18: A3 | B18: SENAI | C18: 0.01 | D18: 0.01 | E18: 0.01 | F18: 0.01
A19: A4 | B19: INCRA | C19: 0.002 | D19: 0.002 | E19: 0.002 | F19: 0.002
A20: A5 | B20: SEBRAE | C20: 0.006 | D20: 0.006 | E20: 0.006 | F20: 0.006
A21: A6 | B21: SALÁRIO EDUCAÇÃO | C21: 0.025 | D21: 0.025 | E21: 0.025 | F21: 0.025
A22: A7 | B22: SEGURO CONTRA ACIDENTES DE TRABALHO | C22: 0.03 | D22: 0.03 | E22: 0.03 | F22: 0.03
A23: A8 | B23: FGTS | C23: 0.08 | D23: 0.08 | E23: 0.08 | F23: 0.08
A24: A9 | B24: SECONCI | C24: 0 | D24: 0 | E24: 0 | F24: 0
A25: A | B25: TOTAL | C25: =SUM(C16:C24) -> 0.168 | D25: =SUM(D16:D24) -> 0.168 | E25: =SUM(E16:E24) -> 0.368 | F25: =SUM(F16:F24) -> 0.368
A27: GRUPO B
A28: B1 | B28: REPOUSO SEMANAL REMUNERADO | C28: 0.2168 | D28: NÃO INCIDE | E28: 0.2168 | F28: NÃO INCIDE
A29: B2 | B29: FERIADOS | C29: 0 | D29: NÃO INCIDE | E29: 0 | F29: NÃO INCIDE
A30: B3 | B30: AUXILIO - ENFERMIDADE | C30: 0.0083 | D30: 0.0077 | E30: 0.0083 | F30: 0.0077
A31: B4 | B31: 13º SALÁRIO | C31: 0.1106 | D31: 0.0833 | E31: 0.1106 | F31: 0.0833
A32: B5 | B32: LICENÇA PATERNIDADE | C32: 0.0006 | D32: 0.0008 | E32: 0.0006 | F32: 0.0008
A33: B6 | B33: FALTAS JUSTIFICADAS | C33: 0.0074 | D33: 0.0056 | E33: 0.0074 | F33: 0.0056
A34: B7 | B34: DIAS DE CHUVA | C34: 0.0198 | D34: NÃO INCIDE | E34: 0.0198 | F34: NÃO INCIDE
A35: B8 | B35: AUXÍLO ACIDENTES DE TRABALHO | C35: 0.0017 | D35: 0.0013 | E35: 0.0017 | F35: 0.0013
A36: B9 | B36: FÉRIAS GOZADAS | C36: 0.1474 | D36: 0.1111 | E36: 0.1474 | F36: 0.1111
A37: B10 | B37: SALÁRIO MATERNIDADE | C37: 0.0004 | D37: 0.0003 | E37: 0.0004 | F37: 0.0003
A38: B | B38: TOTAL | C38: =SUM(C28:C37) -> 0.513 | D38: =SUM(D28:D37) -> 0.2101 | E38: =SUM(E28:E37) -> 0.513 | F38: =SUM(F28:F37) -> 0.2101
A40: GRUPO C
A41: C1 | B41: AVISO PRÉVIO INDENIZADO | C41: 0 | D41: 0 | E41: 0 | F41: 0
A42: C2 | B42: AVISO PRÉVIO TRABALHADO | C42: 0.0011 | D42: 0.0009 | E42: 0.0011 | F42: 0.0009
A43: C3 | B43: FÉRIAS INDENIZADAS | C43: 0.0291 | D43: 0.022 | E43: 0.0291 | F43: 0.022
A44: C4 | B44: DEPÓSITO RESCISÃO SEM JUSTA CAUSA | C44: 0.0283 | D44: 0.0214 | E44: 0.0283 | F44: 0.0214
A45: C5 | B45: INDENIZAÇÃO ADICIONAL | C45: 0.004 | D45: 0.0031 | E45: 0.004 | F45: 0.0031
A46: C | B46: TOTAL | C46: =SUM(C41:C45) -> 0.0625 | D46: =SUM(D41:D45) -> 0.0474 | E46: =SUM(E41:E45) -> 0.0625 | F46: =SUM(F41:F45) -> 0.0474
A48: GRUPO D
A49: D1 | B49: REINCIDÊNCIA DE GRUPO A SOBRE GRUPO B | C49: 0.0807 | D49: 0.0301 | E49: 0.1768 | F49: 0.0659
A50: D2 | B50: REINCIDÊNCIA DE GRUPO A SOBRE AVISO PRÉVIO TRABALHADO E REINCIDÊNCIA DO FGTS SOBRE AVISO PRÉVIO INDENIZADO | C50: 0.004 | D50: 0.0031 | E50: 0.0042 | F50: 0.0032
A51: D | B51: TOTAL | C51: =SUM(C49:C50) -> 0.0847 | D51: =SUM(D49:D50) -> 0.0332 | E51: =SUM(E49:E50) -> 0.181 | F51: =SUM(F49:F50) -> 0.0691
A54: TOTAL (A + B + C + D) | C54: =C25+C38+C46+C51 -> 0.8282 | D54: =D25+D38+D46+D51 -> 0.4587 | E54: =E25+E38+E46+E51 -> 1.1245 | F54: =F25+F38+F46+F51 -> 0.6946
A60: _________________________________________
A61: ADALBERTO QUEIROZ DA SILVA NETO
A62: ENGENHEIRO CIVIL - CREA 29.759 D/PE

Sheet CRONO
A1: PREFEITURA MUNICIPAL DE JAQUEIRA
A8: CRONOGRAMA FÍSICO-FINANCEIRO
A11: OBRA : REFORMA DA QUADRA DO DISTRITO DE FREI CANECA
A12: LOCAL : DISTRITO DE FREI CANECA - JAQUEIRA - PERNAMBUCO
A17: ITEM | B17: SERVIÇOS | C17: TOTAL | D17: INC. | E17: CRONOGRAMA FÍSICO-FINANCEIRO
C18: (R$) | D18: % | E18: MÊS 1 | I18: MÊS 2 | M18: MÊS 3 | Q18: MÊS 4 | U18: Acumulado
E19: R$ | I19: R$ | M19: R$ | Q19: R$
A20: 1 | B20: REFORMA DA QUADRA DO DISTRITO DE FREI CANECA | U20: =SUM(U22:U43) -> 183046.38
A22: 1 | B22: CANTEIRO DE OBRAS | C22: ='PO LICITAÇÃO'!J15 -> 3443.16 | D22: =C22/C50 -> 0.018810315 | E22: =C22 -> 3443.16 | U22: =C22 -> 3443.16
A24: 2 | B24: =[1]Resumo!$B$20 -> SERVIÇOS PRELIMINARES | C24: ='PO LICITAÇÃO'!J18 -> 352.28 | D24: =C24/C50 -> 0.0019245396 | E24: =C24 -> 352.28 | U24: =SUM(E24:T24) -> 352.28
A26: 3 | B26: MOVIMENTO DE TERRAS | C26: ='PO LICITAÇÃO'!J25 -> 1093.18 | D26: =C26/C50 -> 0.0059721476 | E26: =C26 -> 1093.18 | U26: =SUM(E26:T26) -> 1093.18
A28: 4 | B28: BLOCOS DE ANCORAGEM | C28: ='PO LICITAÇÃO'!J30 -> 4746.21 | D28: =C28/C50 -> 0.025929002 | E28: =C28 -> 4746.21 | U28: =SUM(E28:T28) -> 4746.21
A30: 5 | B30: =[1]Resumo!$B$28 -> ALVENARIAS | C30: ='PO LICITAÇÃO'!J35 -> 61.67 | D30: =C30/C50 -> 0.00033690915 | E30: =C30 -> 61.67 | U30: =SUM(E30:T30) -> 61.67
A32: 6 | B32: =[1]Resumo!$B$30 -> DRENAGEM | C32: ='PO LICITAÇÃO'!J38 -> 10717.21 | D32: =C32/C50 -> 0.05854915 | E32: =C32 -> 10717.21 | U32: =SUM(E32:T32) -> 10717.21
A34: 7 | B34: =[1]Resumo!$B$32 -> SISTEMA DE PISO | C34: ='PO LICITAÇÃO'!J45 -> 86081.99 | D34: =C34/C50 -> 0.4702742 | E34: =E58-E22-E24-E26-E28-E30-E32 -> 25347.89 | I34: =I58 -> 45761.6 | M34: =C34-E34-I34 -> 14972.5 | U34: =SUM(E34:T34) -> 86081.99
A36: 8 | B36: ='[1]PLANILHA ORÇAMENTÁRIA'!D64 -> REVESTIMENTO DE PAREDES | C36: ='PO LICITAÇÃO'!J52 -> 917.02 | D36: =C36/C52 -> 0.0050097686 | M36: =C36 -> 917.02 | U36: =SUM(E36:T36) -> 917.02
A38: 9 | B38: =[1]Resumo!$B$36 -> INSTALAÇÕES ELÉTRICAS | C38: ='PO LICITAÇÃO'!J57 -> 16760.07 | D38: =C38/C54 -> 0.091561876 | M38: =C38 -> 16760.07 | U38: =SUM(E38:T38) -> 16760.07
A40: 10 | B40: =[1]Resumo!$B$38 -> PINTURA | C40: ='PO LICITAÇÃO'!J76 -> 6910.03 | D40: =C40/C50 -> 0.037750159 | M40: =C40 -> 6910.03 | U40: =SUM(E40:T40) -> 6910.03
A42: 11 | B42: =[1]Resumo!$B$40 -> SERVIÇOS COMPLEMENTARES | C42: ='PO LICITAÇÃO'!J83 -> 51963.56 | D42: =C42/C50 -> 0.28388193 | M42: =M58-M34-M36-M38-M40 -> 6201.98 | Q42: =C42-M42 -> 45761.58 | U42: =SUM(E42:T42) -> 51963.56
U44: =SUM(E44:T44) -> 0
U46: =SUM(E46:T46) -> 0
U48: =SUM(E48:T48) -> 0
B50: TOTAL FINANCEIRO | C50: =SUM(C22:C49) -> 183046.38 | D50: =SUM(D22:D49) -> 1 | E50: =E22+E24+E26+E28+E30+E32+E34+E36+E38+E40+E42 -> 45761.6 | I50: =I22+I24+I26+I28+I30+I32+I34+I36+I38+I40+I42 -> 45761.6 | M50: =M22+M24+M26+M28+M30+M32+M34+M36+M38+M40+M42 -> 45761.6 | Q50: =Q22+Q24+Q26+Q28+Q30+Q32+Q34+Q36+Q38+Q40+Q42 -> 45761.58 | U50: =SUM(U22:U49) -> 183046.38
B52: TOTAL FINANCEIRO ACUMULADO | C52: =C50 -> 183046.38 | D52: =D50 -> 1 | E52: =E50 -> 45761.6 | I52: =I50+E52 -> 91523.2 | M52: =M50+I52 -> 137284.8 | Q52: =Q50+M52 -> 183046.38 | U52: =U50 -> 183046.38
B54: TOTAL FISICO ACUMULADO | C54: =C52 -> 183046.38 | D54: =D52 -> 1 | E54: =E52/C50 -> 0.25000003 | I54: =I52/C50 -> 0.50000005 | M54: =M52/C50 -> 0.75000008 | Q54: =Q52/C50 -> 1 | U54: 1
A56: PRAZO DE EXECUÇÃO : 4 (QUATRO) MESES
C58: =C50/4 -> 45761.595 | E58: 45761.6 | I58: 45761.6 | M58: 45761.6 | Q58: 45761.58
U60: =U50*0.75 -> 137284.79
A61: _________________________________________
A62: ADALBERTO QUEIROZ DA SILVA NETO
A63: ENGENHEIRO CIVIL - CREA 29.759 D/PE

Sheet COTAÇÃO
A1: PREFEITURA MUNICIPAL DE JAQUEIRA
A5: MAPA DE COTAÇÃO
A7: OBRA : REFORMA DA QUADRA DO DISTRITO DE FREI CANECA
A8: LOCAL : DISTRITO DE FREI CANECA - JAQUEIRA - PERNAMBUCO
A12: ITEM | B12: DESCRIÇÃO | C12: QUANT | D12: UND | E12: COTAÇÃO 01 | F12: COTAÇÃO 02 | H12: COTAÇÃO 03
B15: REFORMA DA QUADRA DO DISTRITO DE FREI CANECA | E15: GF ESPORTES | F15: BGS BIRA | H15: TOPFIELD
A17: 1 | B17: GRAMA SINTÉTICA ESPORTIVA PARA FUTEBOL EM POLIETILENO, COM ALTURA MINIMA DE 50MM (FORNECIMENTO E COLOCAÇÃO) | C17: 760 | D17: M² | E17: 69300 | F17: 76000 | H17: 72200
A28: TOTAL | H28: =SUM(H16:H26) -> 72200
C30: BDI | E30: CALCULO | F30: VALOR TOTAL | G30: QUANTIDADE(M²) | H30: VALOR UNITÁRIO
A31: VALOR NÂO DESONERADO | C31: 0.2242 | E31: 72.200*1,2242 | F31: 88388 | G31: 760 | H31: =F31/G31 -> 116.3
A32: VALOR DESONERADO | C32: 0.273 | E32: 72.200*1,273 | F32: 91910.6 | G32: 760 | H32: =F32/G32 -> 120.935
E34: VALOR SEM BDI =72200/760 = R$ 95,00/M²
A40: _____________________________________________
A41: ADALBERTO QUEIROZ DA SILVA NETO
A42: ENGENHEIRO CIVIL - CREA 29.759 D/PE

Sheet DADOS
A1: NOME | B1: =OFFSET(#REF!,MATCH(A1,#REF!,0),0) -> #REF!
A2: CNPJ | B2: =OFFSET(#REF!,MATCH(A2,#REF!,0),0) -> #REF!
A3: ENDEREÇO | B3: =OFFSET(#REF!,MATCH(A3,#REF!,0),0) -> #REF!
A4: BAIRRO | B4: =OFFSET(#REF!,MATCH(A4,#REF!,0),0) -> #REF!
A5: CIDADE | B5: =OFFSET(#REF!,MATCH(A5,#REF!,0),0) -> #REF!
A6: UF | B6: =OFFSET(#REF!,MATCH(A6,#REF!,0),0) -> #REF!
A7: CEP | B7: =OFFSET(#REF!,MATCH(A7,#REF!,0),0) -> #REF!
A8: DDD/FONE1 | B8: =OFFSET(#REF!,MATCH(A8,#REF!,0),0) -> #REF!
A9: DDD/FONE2 | B9: =OFFSET(#REF!,MATCH(A9,#REF!,0),0) -> #REF!
A10: CONTA CORRENTE | B10: =OFFSET(#REF!,MATCH(A10,#REF!,0),0) -> #REF!
A11: BANCO | B11: =OFFSET(#REF!,MATCH(A11,#REF!,0),0) -> #REF!
A12: AGÊNCIA | B12: =OFFSET(#REF!,MATCH(A12,#REF!,0),0) -> #REF!
... A56: 9. INVESTIMENTO TOTAL (7+8): | B56: =OFFSET(#REF!,MATCH(A56,#REF!,0),0) -> #REF!
